 Dungeon Crawl Stone Soup version 0.22-a0-136-g83a10e5 (webtiles) character file.

557341 mortelune the Envoy of Void (level 25, -14/168 HPs)
             Began as a Demonspawn Abyssal Knight on Feb 4, 2018.
             Was a High Priest of Lugonu.
             Demolished by an ettin
             ... wielding a +0 giant spiked club of distortion
              (35 damage)
             ... on level 1 of the Abyss.
             The game lasted 06:12:02 (88251 turns).

mortelune the Envoy of Void (DsAK)                 Turns: 88251, Time: 06:12:02

Health: -14/168    AC: 41    Str: 21      XL:     25   Next: 24%
Magic:  38/41      EV: 11    Int: 10 (11) God:    Lugonu [*****.]
Gold:   2780       SH: 18    Dex: 17      Spells: 10/34 levels left

rFire    + + .     SeeInvis +   q - +8 demon blade (distort)
rCold    + + +     Gourm    .   r - +0 shield {rC+ rF+}
rNeg     + + .     Faith    .   O - +10 gold dragon scales
rPois    +         Spirit   .   (helmet unavailable)
rElec    +         Reflect  +   g - scarf {repulsion}
rCorr    .         Harm     .   t - +2 pair of gloves {Str+3}
MR       +++..     Rnd*Rage +   x - +2 pair of boots {Fly}
Stlth    ..........             S - amulet of Meockelo {Reflect rN++ Int-5 SH+4}
HPRegen  0.00/turn              o - ring of see invisible
MPRegen  0.27/turn              k - ring of protection from magic

@: flying, studying 2 skills, repel missiles
A: horns 3, thin metallic scales 3, [berserk 1], blurry vision 2, cold
resistance 1, deterioration 2, [frail 2], high mp 1, magic resistance 1, powered
by death 3, [inhibited regeneration], spiny 3, freezing cloud immunity, subdued
magic 3
}: 3/15 runes: barnacled, abyssal, gossamer
a: Depart the Abyss, Bend Space, Banish, Corrupt, Enter the Abyss, Renounce
Religion, Stop Flying


You were on level 1 of the Abyss.
You worshipped Lugonu.
Lugonu was extremely pleased with you.
You were not hungry.

You visited 9 branches of the dungeon, and saw 48 of its levels.
You visited the Abyss 6 times.
You also visited: Trove and Ice Cave.

You collected 6680 gold pieces.
You spent 3900 gold pieces at shops.

Inventory:

Hand Weapons
 a - a +9 double sword of protection
 b - the +7 hand crossbow of Imminent Death {flame, rElec rF++ Dex+3}
   (You bought it in a shop on level 2 of the Orcish Mines)

   It causes projectiles fired from it to burn those they strike, causing extra
   injury to most foes and up to half again as much damage against particularly
   susceptible opponents.
   It affects your dexterity (+3).
   It greatly protects you from fire.
   It insulates you from electricity.
 q - a +8 demon blade of distortion (weapon)
Missiles
 Y - 1079 bolts
Armour
 g - a scarf of repulsion (worn)
 r - a +0 shield of resistance (worn)
 t - a +2 pair of gloves of strength (worn)
 x - a +2 pair of boots of flying (worn)
 O - +10 gold dragon scales (worn)
Jewellery
 j - the ring "Dekkaatu" {-Tele rF+++ rN+ Dex+5}
   (You found it on level 4 of the Depths)

   [ring of positive energy]

   It affects your dexterity (+5).
   It renders you almost immune to fire.
   It protects you from negative energy.
   It prevents most forms of teleportation.
 k - a ring of protection from magic (right hand)
 o - a ring of see invisible (left hand)
 C - a +4 ring of slaying
 P - an uncursed ring of resist corrosion
 S - the amulet of Meockelo (around neck) {Reflect rN++ Int-5 SH+4}
   (You bought it in a shop on level 1 of the Shoals)

   [amulet of reflection]

   It shields you and reflects attacks.
   It affects your intelligence (-5).
   It greatly protects you from negative energy.
   It affects your SH (+4).
Wands
 e - a wand of acid (34)
 h - a wand of clouds (9)
 l - a wand of digging (33)
 n - a wand of enslavement (23)
 E - a wand of iceblast (76)
 Q - a wand of polymorph (34)
Scrolls
 s - 3 scrolls of silence
 y - 18 scrolls of teleportation
 B - 8 scrolls of immolation
 I - 3 scrolls of fog
 J - 6 scrolls of magic mapping
 L - 7 scrolls of amnesia
 N - 4 scrolls of summoning
 R - 8 scrolls of blinking
 T - 6 scrolls of fear
 V - 15 scrolls of identify
 X - 17 scrolls of remove curse
Potions
 d - 2 potions of haste
 i - 3 potions of resistance
 m - 6 potions of magic
 v - 4 potions of agility
 w - 6 potions of might
 H - 7 potions of brilliance
 K - 3 potions of mutation
 M - a potion of cancellation
 Z - 6 potions of invisibility
Books
 A - a manual of Evocations
 G - a manual of Spellcasting
Miscellaneous
 f - a lightning rod (4/4)
 p - a lamp of fire
 z - a phial of floods
Comestibles
 c - 52 rations


   Skills:
 + Level 20.1 Fighting
 - Level 19.0 Long Blades
 - Level 10.0 Crossbows
 - Level 15.0 Armour
 + Level 13.4 Dodging
 + Level 9.5 Stealth
 - Level 15.0 Shields
 + Level 5.2 Spellcasting
 + Level 9.5 Summonings
 - Level 5.5 Ice Magic
 + Level 20.6 Invocations
 + Level 10.0 Evocations


You had 10 spell levels left.
You knew the following spells:

 Your Spells              Type           Power        Failure   Level  Hunger
a - Summon Ice Beast      Ice/Summ       #.......     98%         4    ####...
b - Throw Frost           Conj/Ice       #.....       98%         2    ##.....
c - Throw Icicle          Conj/Ice       #.......     100%        4    ####...
d - Blink                 Tloc           N/A          100%        2    ##.....
e - Summon Butterflies    Summ           ##......     12%         1    None
f - Passage of Golubria   Tloc           N/A          100%        4    ####...
g - Malign Gateway        Summ/Tloc      #.........   100%        7    #######


Dungeon Overview and Level Annotations

Branches:
Dungeon (15/15)            Temple (0/1) D:6            Lair (6/6) D:8
 Shoals (4/4) Lair:4       Spider (4/4) Lair:3        Slime (5/5) Lair:5
    Orc (2/2) D:10            Elf (3/3) Orc:2        Vaults (4/5) D:14
  Crypt (0/3) Vaults:3     Depths (5/5) D:15            Zot (0/5) Depths:5

Altars:
Cheibriados
Dithmenos
Fedhas
Hepliaklqana
Makhleb
Okawaru
Qazlal
Vehumet
Wu Jian
Yredelemnul
Zin
The Shining One
Beogh
Jiyva

Shops:
D:6 %   D:7 (:?   D:13 *   Orc:2 *[=[(   Elf:2 }}=   Elf:3 (   Shoals:1 =
Vaults:1 *   Vaults:4 =

Portals:
Hell: Depths:1 Depths:2 Depths:3 Depths:4 Depths:5
Abyss: Depths:2 Depths:4
Pandemonium: Depths:1 Depths:2 Depths:3
Ziggurat: Depths:5

Annotations:
D:3 Sigmund
Lair:5 corrupted
Lair:6 corrupted
Shoals:2 corrupted, exclusion: downstairs
Shoals:3 exclusions: Roxanne and upstairs, Mara, Roxanne
Spider:2 corrupted
Elf:3 corrupted
Depths:1 corrupted
Depths:4 1 transporter, corrupted
Abyss:1 Urug


Innate Abilities, Weirdness & Mutations

You have a pair of large horns on your head.
You are completely covered in thin metallic scales. (AC +4, rElec)
Your flesh is cold resistant. (rC+)
You regenerate a lot of health from kills.
You are completely covered in sharp spines.
You are immune to freezing clouds.
Scrolls take you longer to read.
Your body often deteriorates upon taking damage.
You have an increased reservoir of magic. (+10% MP)
You are resistant to hostile enchantments. (MR+)
Your spells are much easier to cast, but much less powerful.
[You tend to lose your temper in combat.]
[You are very frail. (-20% HP)]
[You do not regenerate when monsters are visible.]


Message History

Your gold dragon scales prevents you from hitting the wretched star.
You headbutt the wretched star.
The wretched star is moderately damaged.
The mad acolyte of Lugonu shouts!
You hit the purple very ugly thing.
Space bends around the purple very ugly thing.
The purple very ugly thing is lightly wounded.
You slice the purple very ugly thing!!
The purple very ugly thing looks slightly unstable.
You headbutt the purple very ugly thing.
The purple very ugly thing is heavily wounded.
You slice the purple very ugly thing!!
The purple very ugly thing is almost dead.
The purple very ugly thing blinks!
You hit the ettin.
Space warps horribly around the ettin!
Your headbutt misses the ettin.
The ettin is almost dead.
The ettin barely misses you.
The ettin hits you with a giant club of chaos!!
You die...

... ..# .. ####.
. #. .. #.#####.
X.##
##.........##.##
....(.....X2#..#
# ........x*C@# .
#......p...##.#
#.###.........
ยง###
..#......... .#
.# .....
...d....# #
.##............##
## .............#
# # #... ....
.###... ..#
........ ## #.


You could see a red draconian, a tentacled starspawn, a balrug, a wretched star,
an ettin, a mad acolyte of Lugonu and a small abomination.

Vanquished Creatures
  An ancient lich (Depths:3)
  3 juggernauts (Depths:2)
  The ghost of mhoghedin the Devastator, a veteran NaVM of Vehumet (Depths:1)
  A caustic shrike (Depths:4)
  3 golden dragons
  Nikola (Shoals:1)
  2 bone dragons
  Arachne (Spider:4)
  Jorgrun (Shoals:3)
  3 tentacled monstrosities
  A deep elf blademaster (Depths:3)
  A quicksilver dragon (Depths:2)
  7 acid blobs
  6 liches
  5 sphinxes
  A titan (Depths:5)
  Frances (D:13)
  Polyphemus (Shoals:2)
  A kraken (Shoals:4)
  Kirke (Shoals:2)
  A draconian monk (Depths:5)
  An Executioner (Abyss:1)
  5 tentacled starspawn
  4 storm dragons
  A storm dragon (shapeshifter) (Depths:3)
  A shadow dragon (Depths:2)
  Ilsuiw (Shoals:4)
  Donald (Shoals:1)
  4 tengu reavers
  3 deep elf sorcerers
  2 azure jellies
  8 ghost moths
  22 frost giants
  18 fire giants
  An iron dragon (shapeshifter) (Depths:3)
  2 emperor scorpions
  An orc warlord (Vaults:3)
  A cacodemon (Depths:1)
  A draconian scorcher (Depths:5)
  8 vault wardens
  Louise (Spider:3)
  A draconian shifter (Abyss:3)
  An iron dragon (Depths:3)
  A deep elf elementalist (Depths:5)
  16 stone giants
  9 ironheart preservers
  2 war gargoyles
  20 very ugly things
  3 vampire knights
  5 entropy weavers
  A purple draconian (Depths:5)
  A green draconian (Depths:5)
  5 deep elf annihilators
  A yellow draconian (Depths:5)
  A lorocyproca (Depths:3)
  Azrael (D:14)
  3 red draconians (Depths:5)
  3 deep elf demonologists
  15 spark wasps
  A deep elf death mage (Elf:3)
  6 merfolk impalers
  An ettin (shapeshifter) (Depths:5)
  27 ettins
  2 crystal guardians (Depths:3)
  8 merfolk javelineers
  A quicksilver dragon zombie (Abyss:1)
  A fire dragon (shapeshifter) (Depths:3)
  5 deep elf high priests
  9 fire dragons
  Josephine (Lair:6)
  A hydra (D:15)
  13 yaktaur captains
  12 great orbs of eyes
  Fannar (D:10)
  A quicksilver dragon skeleton (Abyss:3)
  11 rakshasas
  An ice dragon (shapeshifter) (Depths:1)
  10 ice dragons
  3 death knights
  3 merfolk avatars
  3 juggernaut simulacra (Depths:3)
  A catoblepas (Shoals:2)
  6 spriggan air magi
  The ghost of loralnil the Thaumaturge, a journeyman DEFE of Sif Muna (D:12)
  13 centaur warriors
  An alligator (shapeshifter) (Depths:2)
  3 vampire magi
  2 deep troll shamans
  34 dancing weapons
  12 deep troll earth magi
  5 merfolk aquamancers
  39 two-headed ogres
  3 tengu warriors
  5 satyrs
  17 ogre magi
  12 death yaks
  A death yak (shapeshifter) (Depths:3)
  2 shock serpents (shapeshifter)
  6 spriggan berserkers
  3 hell hogs (Abyss:1)
  9 thrashing horrors
  20 deep elf knights
  A shock serpent (Depths:3)
  12 hell knights
  A sun demon (Abyss:3)
  3 wretched stars (Abyss:3)
  3 shadow wraiths
  2 spatial maelstroms (Abyss:3)
  2 iron trolls (Depths:5)
  2 glowing orange brains
  7 flayed ghosts
  2 unseen horrors
  A death drake (shapeshifter) (Abyss:3)
  5 skeletal warriors
  10 deep trolls
  18 deep elf archers
  11 sea snakes
  12 necromancers
  A tengu zombie (Vaults:4)
  A harpy (shapeshifter) (Depths:2)
  4 wizards
  6 ironbrand convokers
  A phantasmal warrior (Abyss:3)
  50 ugly things
  Pikel (D:5)
  8 harpies
  2 stone giant zombies
  14 orc knights
  2 salamanders (Depths:5)
  20 wolf spiders
  18 orb spiders
  68 deep elf magi
  11 manticores
  19 fauns
  2 orc sorcerers
  10 cyclopes
  3 shining eyes
  A tengu skeleton (Vaults:1)
  3 moths of wrath
  6 worldbinders
  7 merfolk sirens
  An elephant (shapeshifter) (D:14)
  15 elephants
  6 black mambas
  A black mamba (shapeshifter) (Vaults:3)
  A guardian serpent (shapeshifter) (Depths:1)
  A guardian serpent (Abyss:3)
  A spiny frog (shapeshifter) (Vaults:3)
  2 orange demons (Abyss:3)
  3 torpor snails
  8 water nymphs
  An apocalypse crab (Abyss:3)
  A gargoyle (D:14)
  2 storm dragon simulacra
  An ice statue (IceCv)
  15 vault sentinels
  2 naga magi (Depths:3)
  5 smoke demons
  3 hellions (Abyss:3)
  6 centaur skeletons
  3 human zombies
  2 rime drakes
  15 spiny frogs
  A yaktaur (shapeshifter) (Vaults:4)
  A komodo dragon (shapeshifter) (Depths:3)
  2 kobold demonologists (D:15)
  A rime drake (shapeshifter) (Vaults:3)
  An efreet (D:14)
  12 freezing wraiths
  14 demonic crawlers
  23 yaktaurs
  2 yaktaur skeletons
  A silent spectre (Abyss:3)
  2 red devils (Abyss:3)
  12 komodo dragons
  5 tengu conjurers
  27 merfolk
  5 ancient zymes (Abyss:3)
  A jumping spider (shapeshifter) (Depths:5)
  7 wind drakes
  2 polar bears
  A meliai (D:14)
  2 meliai (shapeshifter)
  A wolf spider simulacrum (IceCv)
  39 jumping spiders
  9 hornets
  5 trolls
  2 wind drakes (shapeshifter)
  38 slime creatures
  4 blink frogs (shapeshifter)
  A hippogriff (shapeshifter) (Vaults:4)
  12 hippogriffs
  2 meliai zombies (D:14)
  3 raiju (shapeshifter)
  27 blink frogs
  6 snapping turtles
  18 raiju
  4 dream sheep (Lair:6)
  2 dream sheep (shapeshifter)
  5 flying skulls
  A frost giant simulacrum (Vaults:2)
  A stone giant simulacrum (Vaults:1)
  3 human simulacra
  74 redbacks
  A spriggan (Depths:4)
  4 shadows
  31 tarantellas
  4 vampires
  5 air elementals
  11 wraiths
  7 ynoxinuls
  10 water elementals
  An ettin skeleton (Abyss:3)
  2 spriggans (shapeshifter)
  6 fire elementals
  2 fire bats (shapeshifter) (Depths:1)
  2 basilisks
  15 golden eyes
  41 yaks
  4 hogs (Shoals:2)
  4 neqoxecs (Abyss:3)
  4 fire bats (Abyss:3)
  A steam dragon (Lair:6)
  6 chaos spawn
  A yaktaur simulacrum (Vaults:1)
  5 vampire mosquitoes
  6 wargs
  Edmund (D:4)
  3 insubstantial wisps (Abyss:3)
  14 large abominations
  7 acid dragons
  7 hell hounds
  8 water moccasins
  A floating eye (Abyss:3)
  A deep troll zombie (Vaults:2)
  5 porcupines
  35 orc warriors
  2 hornet zombies
  2 swamp drakes
  3 sky beasts
  A slave (D:4)
  11 ice beasts
  2 black bears
  An ettin simulacrum (Vaults:2)
  4 eyes of draining
  5 phantoms
  70 starcursed masses
  An ogre (shapeshifter) (Vaults:1)
  45 ogres
  16 wolves
  18 small abominations
  9 boggarts
  13 centaurs
  16 crocodiles
  Blork the orc (D:7)
  A yaktaur zombie (Vaults:1)
  7 big kobolds
  16 bullfrogs
  An earth elemental (Elf:1)
  3 human skeletons
  A wyvern skeleton (D:14)
  2 scorpions (D:13)
  5 killer bees (D:10)
  6 electric eels
  17 wights
  10 howler monkeys
  3 centaur zombies
  7 crimson imps
  6 quasits
  3 draconian simulacra (IceCv)
  6 hounds
  17 orc priests
  A jelly (D:5)
  5 iron imps
  32 orc wizards
  2 bullfrog skeletons
  8 iguanas
  4 troll simulacra (IceCv)
  9 worker ants
  A hell rat (Lair:5)
  5 spriggan simulacra (IceCv)
  A polar bear simulacrum (IceCv)
  A killer bee zombie (D:8)
  2 centaur simulacra (IceCv)
  A hound skeleton (D:8)
  A worker ant zombie (D:6)
  7 gnolls
  A howler monkey skeleton (D:7)
  5 adders
  3 ogre simulacra (IceCv)
  2 naga simulacra (IceCv)
  4 shadow imps
  7 white imps (IceCv)
  3 ufetubi
  2 oozes
  An adder skeleton (D:7)
  An adder zombie (D:5)
  3 worms
  8 leopard geckos
  98 orcs
  6 giant cockroaches
  7 goblins
  5 hobgoblins
  11 jackals
  15 kobolds
  3 quokkas
  A ball python (D:5)
  6 bats
  A giant cockroach zombie (D:6)
  2 leopard gecko skeletons
  5 rats
  3 fungi (Orc:2)
  A lurking horror (Abyss:3)
  2 plants (Shoals:4)
  3 starspawn tentacles (Abyss:3)
  4 tentacles (Shoals:4)
2237 creatures vanquished.

Vanquished Creatures (others)
  Margery (Depths:1)
  A golden dragon (Depths:4)
  A lich (Depths:4)
  2 titans (Depths:4)
  A deep elf blademaster (Elf:3)
  2 deep elf master archers
  An acid blob (Slime:5)
  2 krakens (Shoals:1)
  Agnes (Spider:2)
  A shadow dragon (Depths:4)
  3 fire giants
  3 azure jellies
  A frost giant (Depths:4)
  8 deep elf sorcerers (Elf:3)
  5 deep elf elementalists (Elf:3)
  An entropy weaver (Spider:2)
  5 deep elf demonologists
  A vampire knight (Depths:2)
  7 deep elf annihilators (Elf:3)
  2 ettins
  A deep elf death mage (Elf:3)
  2 fire dragons
  2 yaktaur captains
  An ogre mage (Vaults:2)
  2 hydras
  A merfolk avatar (Shoals:2)
  2 centaur warriors
  2 merfolk aquamancers (Shoals:2)
  An anaconda (shapeshifter) (Depths:4)
  3 deep troll earth magi (Depths:4)
  A deep troll shaman (Depths:1)
  A satyr (Shoals:2)
  3 hell knights (Depths:1)
  2 deep elf knights
  A swamp dragon (Lair:6)
  A glowing orange brain (Abyss:3)
  A flayed ghost (Depths:1)
  4 sea snakes (Shoals:2)
  A torturous demonspawn (Depths:1)
  A deep elf archer (Vaults:2)
  10 orb spiders
  2 deep elf magi
  2 cyclopes (Vaults:2)
  A shining eye (Slime:5)
  13 fauns
  7 elephants (Lair:5)
  A manticore (Shoals:2)
  5 merfolk sirens
  An eye of devastation (Slime:5)
  A water nymph (Shoals:2)
  4 komodo dragons (Lair:5)
  4 freezing wraiths (IceCv)
  5 yaktaurs (Vaults:2)
  5 demonic crawlers (Spider:2)
  An efreet (Spider:2)
  An ice devil (Depths:1)
  2 merfolk
  3 jumping spiders
  A wind drake (Shoals:2)
  A polar bear (shapeshifter) (Elf:3)
  2 slime creatures
  2 snapping turtles (Shoals:2)
  A small abomination (Abyss:3)
  3 water elementals
  2 tarantellas (Spider:2)
  A yak (Lair:5)
  A human (Shoals:2)
  2 neqoxecs
  A death yak simulacrum (IceCv)
  An acid dragon (Lair:6)
  4 spatial vortices
  6 ice beasts (IceCv)
  An alligator simulacrum (IceCv)
  A slave (D:5)
  14 boggarts
  2 centaurs
  2 crocodiles
  A draconian simulacrum (IceCv)
  A starcursed mass (Abyss:3)
  An orc priest (D:5)
  An iguana (Lair:6)
  10 hell rats (Lair:5)
  A shadow imp (Spider:2)
  5 white imps (IceCv)
  5 orcs
  16 fungi
  75 plants
  73 starspawn tentacles
  7 tentacles
394 creatures vanquished.

Grand Total: 2631 creatures vanquished

Notes
Turn   | Place    | Note
-------+----------+-------------------------------------------
     0 | Abyss:1  | mortelune the Demonspawn Abyssal Knight began the quest for the Orb.
     0 | Abyss:1  | Reached XP level 1. HP: 18/18 MP: 2/2
    75 | Abyss:1  | Noticed a thrashing horror
    76 | D:1      | Escaped the Abyss
   716 | D:1      | Gained mutation: You regenerate a little health from kills. [demonic ancestry]
   716 | D:1      | Reached XP level 2. HP: 19/24 MP: 3/3
  2007 | D:2      | Gained mutation: You are partially covered in thin metallic scales. (AC +2) [demonic ancestry]
  2007 | D:2      | Reached XP level 3. HP: 16/29 MP: 4/4
  2399 | D:2      | Found a hazy altar of Hepliaklqana.
  2418 | D:2      | Found a shadowy altar of Dithmenos.
  2429 | D:2      | Found a snail-covered altar of Cheibriados.
  2443 | D:2      | Found an iron altar of Okawaru.
  2456 | D:2      | Reached * piety under Lugonu
  2844 | D:2      | Found a glowing golden altar of the Shining One.
  3101 | D:2      | Found a burning altar of Makhleb.
  3711 | D:3      | Noticed Sigmund
  4147 | D:3      | Reached XP level 4. HP: 24/36 MP: 5/5
  4519 | D:4      | Noticed Edmund
  4970 | D:5      | Entered Level 5 of the Dungeon
  4978 | D:5      | Found a stormy altar of Qazlal.
  5016 | D:5      | Noticed an ice beast
  5057 | D:5      | Killed an ice beast
  5057 | D:5      | Reached XP level 5. HP: 13/42 MP: 6/6
  5321 | D:5      | Noticed Blork the orc
  5385 | D:4      | Killed Edmund
  5385 | D:4      | Reached XP level 6. HP: 29/49 MP: 7/7
  5585 | D:4      | Noticed a sky beast
  5609 | D:4      | Killed a sky beast
  5782 | D:5      | Noticed a slave
  5784 | D:5      | Noticed Pikel
  5807 | D:4      | Killed a slave
  5984 | D:5      | Reached skill level 5 in Long Blades
  6010 | D:5      | Reached XP level 7. HP: 7/55 MP: 8/8
  6335 | D:5      | Found an ornate altar of the Wu Jian Council.
  6749 | D:5      | Reached skill level 5 in Fighting
  7045 | D:5      | Killed Pikel
  7045 | D:5      | Reached XP level 8. HP: 31/64 MP: 9/9
  7127 | D:5      | Reached ** piety under Lugonu
  7422 | D:5      | Found a radiant altar of Vehumet.
  8151 | D:5      | Found an ornate altar of the Wu Jian Council.
  8445 | D:5      | Found a radiant altar of Vehumet.
  8675 | D:6      | Reached skill level 5 in Armour
  8936 | D:6      | Found a basalt altar of Yredelemnul.
  9048 | D:6      | Found Kanoiwas's Food Shop.
  9323 | D:6      | Found a staircase to the Ecumenical Temple.
  9723 | D:5      | Found a stormy altar of Qazlal.
  9739 | D:5      | Found an ornate altar of the Wu Jian Council.
 10070 | D:5      | Found a radiant altar of Vehumet.
 10609 | D:7      | Found Vomile's Book Emporium.
 10634 | D:7      | Found Koimme's Magic Scroll Shop.
 10641 | D:7      | Bought a scroll of teleportation for 36 gold pieces
 10641 | D:7      | Bought a scroll of immolation for 42 gold pieces
 10717 | D:7      | Killed Blork the orc
 10823 | D:7      | Noticed a troll
 10824 | D:7      | Gained mutation: You are partially covered in sharp spines. [demonic ancestry]
 10824 | D:7      | Reached XP level 9. HP: 48/71 MP: 10/10
 11338 | D:7      | Found Bexas's Weapon Shoppe.
 11661 | D:8      | Noticed a death yak
 11663 | D:8      | Noticed a death yak
 12323 | D:8      | Found a staircase to the Lair.
 12572 | D:8      | Noticed a death yak
 12573 | D:8      | Noticed a death yak
 12654 | D:8      | Killed a death yak
 12654 | D:8      | Gained mutation: You are mostly covered in thin metallic scales. (AC +3) [demonic ancestry]
 12654 | D:8      | Reached XP level 10. HP: 17/80 MP: 11/11
 12998 | D:9      | Noticed a manticore
 13112 | D:8      | Noticed a death yak
 13113 | D:8      | Noticed a death yak
 13114 | D:8      | Noticed a death yak
 13123 | D:8      | Noticed a death yak
 13124 | D:8      | Noticed a death yak
 13371 | Lair:1   | Entered Level 1 of the Lair of Beasts
 13945 | Lair:1   | Reached skill level 10 in Long Blades
 13961 | Lair:1   | Reached *** piety under Lugonu
 14370 | Lair:1   | Noticed a black mamba
 14389 | Lair:1   | Killed a black mamba
 14389 | Lair:1   | Reached skill level 5 in Invocations
 15631 | Lair:2   | Noticed Urug
 15636 | Lair:2   | Banished Urug
 15694 | Lair:2   | Noticed a spiny frog
 15721 | Lair:2   | Gained mutation: You are mostly covered in sharp spines. [demonic ancestry]
 15721 | Lair:2   | Reached XP level 11. HP: 70/87 MP: 15/15
 17252 | Lair:3   | Reached **** piety under Lugonu
 18003 | Lair:3   | Found a hole to the Spider Nest.
 18296 | Lair:3   | Reached XP level 12. HP: 86/97 MP: 18/18
 18425 | Lair:4   | Reached skill level 10 in Fighting
 19026 | Lair:4   | Found a staircase to the Shoals.
 19946 | Lair:5   | Found a frozen archway.
 19950 | IceCv    | Entered an ice cave
 20192 | IceCv    | Corrupted IceCv
 20192 | IceCv    | Noticed a rakshasa
 20192 | IceCv    | Noticed a tentacled starspawn
 20193 | IceCv    | Noticed a deep elf demonologist
 20193 | IceCv    | Noticed a tentacled starspawn
 20228 | IceCv    | Noticed a starcursed mass
 21100 | IceCv    | Reached skill level 1 in Dodging
 21188 | IceCv    | Reached skill level 10 in Invocations
 21677 | IceCv    | Found an ancient bone altar of Kikubaaqudgha.
 22098 | Lair:5   | Found a staircase to the Slime Pits.
 22098 | Lair:5   | Found a viscous altar of Jiyva.
 22342 | Lair:5   | Gained mutation: You have a pair of small horns on your head. [demonic ancestry]
 22342 | Lair:5   | Reached XP level 13. HP: 95/105 MP: 20/20
 22410 | Lair:5   | Corrupted Lair:5
 22410 | Lair:5   | Noticed a tentacled starspawn
 22410 | Lair:5   | Noticed a tentacled starspawn
 22410 | Lair:5   | Noticed a bone dragon
 22410 | Lair:5   | Noticed a purple draconian stormcaller
 22410 | Lair:5   | Noticed a tentacled starspawn
 22410 | Lair:5   | Noticed an ancient lich
 22410 | Lair:5   | Noticed a bone dragon
 22410 | Lair:5   | Noticed a bone dragon
 22410 | Lair:5   | Noticed a starcursed mass
 23256 | Lair:6   | Entered Level 6 of the Lair of Beasts
 23518 | Lair:6   | Reached skill level 10 in Armour
 23956 | Lair:6   | Noticed Josephine
 24573 | Lair:6   | Killed Josephine
 25206 | Lair:6   | Noticed a fire dragon
 25209 | Lair:6   | Corrupted Lair:6
 25209 | Lair:6   | Noticed a starcursed mass
 25209 | Lair:6   | Noticed a starcursed mass
 25212 | Lair:6   | Killed a fire dragon
 25215 | Lair:6   | Noticed a tentacled starspawn
 25953 | D:8      | Gained mutation: You are completely covered in sharp spines. [demonic ancestry]
 25953 | D:8      | Reached XP level 14. HP: 68/114 MP: 22/22
 27234 | D:7      | Found Koimme's Magic Scroll Shop.
 27388 | D:7      | Found Vomile's Book Emporium.
 27470 | D:7      | Found Bexas's Weapon Shoppe.
 27555 | D:10     | Entered Level 10 of the Dungeon
 27921 | D:10     | Reached skill level 5 in Dodging
 27998 | D:10     | Noticed Fannar
 28017 | D:10     | Killed Fannar
 28158 | D:7      | Bought a book of Frost for 350 gold pieces
 28163 | D:7      | Learned a level 4 spell: Summon Ice Beast
 28430 | D:10     | Reached ***** piety under Lugonu
 28479 | D:10     | Found a staircase to the Orcish Mines.
 29221 | D:11     | Reached skill level 1 in Ice Magic
 29739 | D:11     | Reached skill level 1 in Spellcasting
 29752 | D:11     | Got a glittering wooden ring
 29754 | D:11     | Identified the ring "Derch" {Fire rN+ Str+2 Dex-2 Stlth+} (You found it on level 11 of the Dungeon)
 30535 | D:12     | Noticed loralnil's ghost (journeyman DEFE)
 30550 | D:12     | Killed loralnil's ghost
 30824 | D:12     | Learned a level 2 spell: Throw Frost
 31517 | D:12     | Found a roughly hewn altar of Beogh.
 31792 | D:13     | Identified a scroll of acquirement
 31796 | D:13     | Got a pair of scorched gloves
 31807 | D:13     | Identified the +3 pair of gloves of Ikimat {rElec} (You acquired it on level 13 of the Dungeon)
 32000 | D:13     | Noticed Frances
 32159 | Orc:1    | Entered Level 1 of the Orcish Mines
 32310 | Orc:1    | Reached ****** piety under Lugonu
 32955 | Orc:2    | Entered Level 2 of the Orcish Mines
 33040 | Orc:2    | Noticed a stone giant
 33057 | Orc:1    | Killed a stone giant
 33129 | Orc:2    | Reached skill level 5 in Ice Magic
 33180 | Orc:2    | Found Yruda's General Store.
 33458 | Orc:2    | Found Webu's Antique Armour Shop.
 33590 | Orc:2    | Bought a pair of fine gloves for 361 gold pieces
 33590 | Orc:2    | Bought a pair of glowing boots for 285 gold pieces
 33600 | Orc:2    | Identified the +0 pair of gloves of the Black Moon {+Fly} (You bought it in a shop on level 2 of the Orcish Mines)
 33642 | Orc:2    | Found Qiureghi's Antique Armour Shop.
 33662 | Orc:2    | Bought a glowing buckler for 157 gold pieces
 33678 | Orc:2    | Found Haluam's Antique Weapon Emporium.
 33705 | Orc:2    | Bought a translucent hand crossbow for 238 gold pieces
 33705 | Orc:2    | Identified the +7 hand crossbow of Imminent Death {flame, rElec rF++ Dex+3} (You bought it in a shop on level 2 of the Orcish Mines)
 33751 | Orc:2    | Reached skill level 1 in Shields
 33751 | Orc:2    | Reached XP level 15. HP: 79/122 MP: 24/24
 33813 | Orc:2    | Found Kiemuxup's Jewellery Shop.
 34029 | Orc:2    | Reached skill level 1 in Crossbows
 34292 | Orc:2    | Found a roughly hewn altar of Beogh.
 34452 | Orc:2    | Found a staircase to the Elven Halls.
 34916 | D:13     | Killed Frances
 35560 | D:13     | Found Ylieg's Assorted Antiques.
 35568 | D:13     | Bought a steaming ring mail for 207 gold pieces
 35574 | D:13     | Identified the +1 ring mail of Liberalism {+Inv} (You bought it in a shop on level 13 of the Dungeon)
 35633 | D:13     | Found a portal to a secret trove of treasure.
 36941 | D:14     | Got an ancient scale mail
 36946 | D:14     | Noticed Azrael
 36970 | D:14     | Killed Azrael
 37022 | D:14     | Identified the cursed +0 scale mail of Zaloasiz {*Corrode rN++} (You found it on level 14 of the Dungeon)
 37402 | D:14     | Found a gate to the Vaults.
 37548 | D:15     | Entered Level 15 of the Dungeon
 38232 | D:15     | Found a staircase to the Depths.
 38499 | D:15     | Reached skill level 5 in Crossbows
 38858 | Spider:1 | Entered Level 1 of the Spider Nest
 39532 | Lair:3   | Gained mutation: You regenerate health from kills. [demonic ancestry]
 39532 | Lair:3   | Reached XP level 16. HP: 63/131 MP: 25/25
 41481 | Spider:2 | Noticed Agnes
 41502 | Spider:2 | Corrupted Spider:2
 41502 | Spider:2 | Noticed a tentacled starspawn
 41502 | Spider:2 | Noticed a tentacled starspawn
 41502 | Spider:2 | Noticed a hellephant
 41502 | Spider:2 | Noticed a tentacled starspawn
 41502 | Spider:2 | Noticed a tentacled starspawn
 41506 | Spider:2 | Killed Agnes
 43130 | Spider:4 | Entered Level 4 of the Spider Nest
 43230 | Spider:4 | Noticed Louise
 43671 | Spider:4 | Cast into level 3 of the Abyss (Louise)
 43671 | Abyss:3  | Found a corrupted altar of Lugonu.
 43671 | Abyss:3  | Found a corrupted altar of Lugonu.
 43815 | Abyss:3  | Paralysed by accursed screaming for 1 turns
 43817 | Abyss:3  | Noticed a tentacled starspawn
 43821 | Spider:4 | Escaped the Abyss
 43917 | Spider:3 | Cast into level 2 of the Abyss (Louise)
 44142 | Abyss:3  | Noticed an Executioner
 44142 | Spider:3 | Escaped the Abyss
 44340 | Spider:3 | Cast into level 2 of the Abyss (Louise)
 44393 | Spider:3 | Escaped the Abyss
 44433 | Spider:3 | Killed Louise
 44787 | Spider:4 | Noticed Arachne
 44824 | Spider:4 | Killed Arachne
 45043 | Spider:4 | Reached XP level 17. HP: 75/140 MP: 26/26
 45476 | Spider:4 | Reached skill level 10 in Dodging
 45705 | Spider:4 | Reached skill level 10 in Crossbows
 46570 | Spider:4 | Got a gossamer rune of Zot
 46755 | Spider:4 | Reached skill level 15 in Fighting
 47375 | Shoals:1 | Entered Level 1 of the Shoals
 47438 | Shoals:1 | Reached skill level 5 in Shields
 47591 | Orc:2    | Bought a +5 ring of strength for 453 gold pieces
 47591 | Orc:2    | Bought the amulet of the Air {Inacc +Fly rElec EV+5 RMsl} for 523 gold pieces
 47591 | Orc:2    | Found the amulet of the Air {Inacc +Fly rElec EV+5 RMsl}
 47850 | Shoals:1 | Found Kubishai's Jewellery Shop.
 47857 | Shoals:1 | Noticed Donald
 48337 | Shoals:1 | Killed Donald
 48497 | Shoals:1 | Reached skill level 15 in Long Blades
 48508 | Shoals:1 | Noticed Nikola
 48553 | Shoals:1 | Killed Nikola
 48671 | Shoals:1 | Noticed a kraken
 48974 | Shoals:1 | Noticed a kraken
 48992 | Shoals:1 | Banished a kraken
 49270 | Shoals:1 | Banished a kraken
 49288 | Shoals:1 | Noticed a kraken
 49290 | Shoals:1 | Banished a kraken
 49539 | Shoals:2 | Noticed Kirke
 49565 | Shoals:2 | Killed Kirke
 50022 | Shoals:2 | Corrupted Shoals:2
 50242 | Shoals:2 | Noticed Polyphemus
 50257 | Shoals:2 | Killed Polyphemus
 50899 | Shoals:3 | Noticed Mara
 50974 | Shoals:3 | Noticed mortelune's illusion
 51136 | Shoals:3 | Noticed mortelune's illusion
 52478 | Shoals:3 | Learned a level 4 spell: Throw Icicle
 52528 | Shoals:3 | Reached XP level 18. HP: 149/149 MP: 27/27
 52532 | Shoals:3 | Noticed Jorgrun
 52545 | Shoals:3 | Killed Jorgrun
 52577 | Shoals:3 | Noticed Roxanne
 53353 | Shoals:3 | Noticed mortelune's illusion
 53724 | Shoals:4 | Entered Level 4 of the Shoals
 53819 | Shoals:4 | Noticed Ilsuiw
 53864 | Shoals:4 | Killed Ilsuiw
 55953 | Shoals:4 | Got a barnacled rune of Zot
 56616 | Vaults:1 | Entered Level 1 of the Vaults
 56649 | Vaults:1 | Gained mutation: Your spells are a little easier to cast, but a little less powerful. [a neqoxec]
 57079 | Vaults:1 | Found Omuapo Dibef's Assorted Antiques.
 58878 | Vaults:1 | Gained mutation: You are completely covered in thin metallic scales. (AC +4, rElec) [demonic ancestry]
 58878 | Vaults:1 | Reached XP level 19. HP: 158/158 MP: 29/29
 60128 | Elf:1    | Entered Level 1 of the Elven Halls
 60256 | D:13     | Bought an opal ring for 115 gold pieces
 60256 | D:13     | Bought a scroll labeled KYEMPAYDWYA for 23 gold pieces
 60424 | Elf:1    | Found a radiant altar of Vehumet.
 60454 | Elf:1    | Reached skill level 10 in Shields
 60625 | Elf:1    | Found a radiant altar of Vehumet.
 62073 | Elf:2    | Found Firghyqeorph's Jewellery Shoppe.
 62073 | Elf:2    | Found Naolloca's Gadget Boutique.
 62074 | Elf:2    | Found Neghyac's Gadget Boutique.
 62090 | Elf:2    | Bought an uncursed ring of protection from magic for 350 gold pieces
 62568 | Elf:2    | Found a huge runed gate.
 62568 | Elf:2    | Found a huge runed gate.
 62568 | Elf:2    | Found a huge runed gate.
 63285 | Elf:2    | Reached skill level 15 in Invocations
 63702 | Elf:3    | Entered Level 3 of the Elven Halls
 63760 | Elf:3    | Found Tubrulo's Weapon Shoppe.
 63936 | Elf:3    | Noticed a Brimstone Fiend
 64215 | Elf:3    | Corrupted Elf:3
 64640 | Elf:3    | Gained mutation: You have a pair of horns on your head. [demonic ancestry]
 64640 | Elf:3    | Reached XP level 20. HP: 160/168 MP: 31/31
 65006 | Elf:3    | Got a sparkling ivory ring
 65031 | Elf:3    | Identified the ring of Exhibitionism {Ice MR+} (You took it off a deep elf annihilator on level 3 of the Elven Halls)
 65037 | Elf:3    | Learned a level 2 spell: Blink
 65055 | Elf:3    | Learned a level 1 spell: Summon Butterflies
 65067 | Elf:3    | Identified the Handbook of Flying Transmigration
 65163 | Elf:3    | Identified the Catalogue of Glacial Dislocation
 65204 | Elf:3    | Got a brightly glowing ring mail
 65205 | Elf:3    | Identified the +4 ring mail of Mumblety Peg {*Corrode rElec Slay+3} (You found it on level 3 of the Elven Halls)
 65208 | Elf:3    | Got a heavily runed plate armour
 65209 | Elf:3    | Identified the +8 plate armour of Pride {Str+4} (You found it on level 3 of the Elven Halls)
 65219 | Elf:3    | Learned a level 4 spell: Passage of Golubria
 65721 | Shoals:1 | Bought the amulet of Meockelo {Reflect rN++ Int-5 SH+4} for 578 gold pieces
 66118 | Vaults:2 | Found a glowing silver altar of Zin.
 68894 | Vaults:3 | Found a staircase to the Crypt.
 69541 | Vaults:3 | Gained mutation: Your flesh is cold resistant. (rC+) [demonic ancestry]
 69541 | Vaults:3 | Reached XP level 21. HP: 176/176 MP: 33/33
 71297 | Vaults:4 | Found Kuushih's Jewellery Shoppe.
 72573 | Depths:1 | Entered Level 1 of the Depths
 72579 | Depths:1 | Noticed mhoghedin's ghost (veteran NaVM)
 72970 | Depths:1 | Killed mhoghedin's ghost
 73136 | Depths:1 | Found a gateway to Hell.
 73146 | Depths:1 | Noticed Margery
 73160 | Depths:1 | Corrupted Depths:1
 73185 | Depths:1 | Killed Margery
 73201 | Depths:1 | Found a one-way gate leading to the halls of Pandemonium.
 73971 | Depths:1 | Reached skill level 15 in Shields
 74064 | Depths:1 | Reached skill level 15 in Armour
 74389 | Depths:2 | Reached XP level 22. HP: 131/185 MP: 34/34
 74537 | Depths:2 | Reached skill level 1 in Stealth
 74542 | Depths:2 | Reached skill level 1 in Summonings
 74542 | Depths:2 | Reached skill level 1 in Evocations
 74546 | Depths:2 | Paralysed by a great orb of eyes for 4 turns
 74760 | Depths:2 | Found a blossoming altar of Fedhas.
 75403 | Depths:2 | Noticed a juggernaut
 75425 | Depths:2 | Killed a juggernaut
 75524 | Depths:2 | Identified Mokeont's Papyrus of Dusty Summoning
 75771 | Depths:2 | Noticed a juggernaut
 75796 | Depths:2 | Killed a juggernaut
 75961 | Depths:2 | Noticed a juggernaut
 75972 | Depths:2 | Killed a juggernaut
 76344 | Depths:2 | Noticed a golden dragon
 76411 | Depths:2 | Killed a golden dragon
 76801 | Depths:2 | Found a one-way gate to the infinite horrors of the Abyss.
 76850 | Depths:2 | Found a runed door.
 76856 | Depths:2 | Noticed a golden dragon
 77136 | Depths:2 | Found a runed door.
 77140 | Depths:2 | Found a runed door.
 77140 | Depths:2 | Found a runed door.
 77170 | Depths:2 | Gained mutation: You have a pair of large horns on your head. [demonic ancestry]
 77170 | Depths:2 | Reached XP level 23. HP: 153/194 MP: 36/36
 77179 | Depths:2 | Reached skill level 5 in Stealth
 77184 | Depths:2 | Reached skill level 5 in Summonings
 77184 | Depths:2 | Reached skill level 5 in Evocations
 77271 | Depths:2 | Identified a +6 demon blade of distortion (a +4 demon blade corrupted by Lugonu)
 77271 | Depths:2 | Received a gift from Lugonu
 77537 | Depths:2 | Found the +4 arc blade {discharge, rElec}
 77563 | Depths:2 | Identified Sif Muna's Reference Book on Poisoning
 78018 | Depths:2 | Identified Sif Muna's Grimoire of Flames and Enchantment
 78030 | Depths:2 | Identified Sif Muna's Collected Works on Creative Black Secrets
 79220 | Depths:3 | Noticed an ancient lich
 79232 | Depths:3 | Killed an ancient lich
 80961 | Depths:4 | Found a transporter.
 81137 | Depths:4 | Found a transporter.
 81503 | Depths:4 | Noticed a caustic shrike
 81506 | Depths:4 | Corrupted Depths:4
 81517 | Depths:4 | Killed a caustic shrike
 81657 | Depths:4 | Gained mutation: You regenerate a lot of health from kills. [demonic ancestry]
 81657 | Depths:4 | Reached XP level 24. HP: 192/202 MP: 36/36
 81718 | Depths:4 | Got a vibrating marble ring
 81719 | Depths:4 | Identified the ring of Zecuax {rPois rC+ MP+9 Dex+2} (You found it on level 4 of the Depths)
 81752 | Depths:4 | Got a flickering ivory ring
 81753 | Depths:4 | Identified the ring "Dekkaatu" {-Tele rF+++ rN+ Dex+5} (You found it on level 4 of the Depths)
 81821 | Depths:5 | Entered Level 5 of the Depths
 83367 | Depths:5 | Found a gate to the Realm of Zot.
 83466 | Depths:5 | Found a gateway to a ziggurat.
 83732 | Depths:4 | Voluntarily entered the Abyss.
 84225 | Abyss:1  | Paralysed by fainting for 8 turns
 84270 | Abyss:1  | Gained mutation: You have an increased reservoir of magic. (+10% MP) [a neqoxec]
 84460 | Abyss:3  | Found an iron altar of Okawaru.
 84480 | Abyss:3  | Paralysed by accursed screaming for 1 turns
 84515 | Abyss:3  | Found a sparkling altar of Nemelex Xobeh.
 84739 | Abyss:3  | Gained mutation: Your spells are easier to cast, but less powerful. [a neqoxec]
 84741 | Abyss:3  | Found a corrupted altar of Lugonu.
 84765 | Abyss:3  | Paralysed by accursed screaming for 1 turns
 84898 | Abyss:3  | Found a hazy altar of Hepliaklqana.
 85075 | Abyss:3  | Found an opulent altar of Gozag.
 85337 | Abyss:3  | Gained mutation: Your body sometimes deteriorates upon taking damage. [a neqoxec]
 85451 | Abyss:3  | Paralysed by accursed screaming for 1 turns
 85650 | Abyss:3  | Paralysed by a floating eye for 4 turns
 85657 | Abyss:3  | Got an abyssal rune of Zot
 85661 | Depths:4 | Escaped the Abyss
 85849 | D:13     | You showed the abyssal rune of Zot to enter a treasure trove
 85850 | Trove    | Entered a treasure trove
 85884 | Trove    | Identified Sif Muna's Volume of the Doomed Entourage
 85969 | D:13     | Learned a level 7 spell: Malign Gateway
 86107 | Orc:2    | Bought a scroll of teleportation for 42 gold pieces
 86107 | Orc:2    | Bought a potion of resistance for 140 gold pieces
 86665 | Slime:1  | Entered Level 1 of the Pits of Slime
 86710 | Slime:2  | Gained mutation: You are immune to freezing clouds. [demonic ancestry]
 86710 | Slime:2  | Reached XP level 25. HP: 129/210 MP: 40/40
 87056 | Slime:2  | Gained mutation: You are weak. (Str -2) [a shining eye]
 87059 | Slime:2  | Gained mutation: You are resistant to hostile enchantments. (MR+) [a shining eye]
 87063 | Slime:2  | Gained mutation: You are dopey. (Int -2) [a shining eye]
 87130 | Slime:4  | Gained mutation: Your spells are much easier to cast, but much less powerful. [a shining eye]
 87422 | Slime:5  | Entered Level 5 of the Pits of Slime
 87639 | Slime:5  | Gained mutation: Your body often deteriorates upon taking damage. [a shining eye]
 87641 | Slime:5  | Gained mutation: Scrolls take you a little longer to read. [a shining eye]
 87645 | Slime:5  | Gained mutation: Scrolls take you longer to read. [a shining eye]
 87647 | Slime:5  | Gained mutation: You expend magic power (3 MP) to strengthen your wands. [a shining eye]
 87656 | Slime:5  | Gained mutation: [You do not regenerate when monsters are visible.] [a shining eye]
 87658 | Slime:5  | Gained mutation: You are very weak. (Str -4) [a shining eye]
 87851 | Slime:5  | Reached skill level 5 in Spellcasting
 88189 | Slime:5  | Reached skill level 10 in Evocations
 88217 | Abyss:1  | HP: 10/210 [Tzitzimitl/bolt of cold[a lich] (8)]
 88221 | Abyss:1  | Lost mutation: You expend magic power (3 MP) to strengthen your wands. [potion of mutation]
 88221 | Abyss:1  | Lost mutation: [You do not regenerate when monsters are visible.] [potion of mutation]
 88221 | Abyss:1  | Lost mutation: You are very weak. (Str -4) [potion of mutation]
 88221 | Abyss:1  | Lost mutation: You are weak. (Str -2) [potion of mutation]
 88221 | Abyss:1  | Lost mutation: You are dopey. (Int -2) [potion of mutation]
 88228 | Abyss:1  | HP: 6/210 [reaper/scythe of flaming[a lich] (23)]
 88251 | Abyss:1  | Demolished by an ettin

Vault maps used:
D:1:      evilmike_arrival_rings, lemuel_flame_loot_1
D:2:      okawaru_ov_weapons_minmay, nicolae_overflow_quartered_altars,
          tso_metal_star, first_ration
D:3:      uniq_sigmund
D:4:      kennysheep_generic_room_13, uniq_edmund
D:5:      kennysheep_mini_moat, basic_altar, grunt_decor_cap,
          grunt_qazlal_sundering, uniq_blork_the_orc, uniq_pikel
D:6:      yredelemnul_altar_generic, minmay_temple_entry_junction, serial_shops,
          shop
D:7:      serial_shops, shop, shop_statue, nicolae_shop_crystal
D:8:      dpeg_lair_monsters, blue_anna_alchemist
D:10:     erik_orc_1, serial_co_window_serial, co_window_paths_a,
          co_window_paths_a, co_window_corner_a, co_window_of_opportunity_a,
          co_window_paths_a, co_window_broadway_b, co_window_of_opportunity_c,
          co_window_corner_cb, co_window_of_opportunity_b, co_window_paths_c,
          co_window_corner_ca, glass_columns_a, glass_columns_b, uniq_fannar
D:11:     minmay_wavy_crystal
D:12:     special_room
D:13:     serial_shops, shop, enter_trove_2, uniq_frances
D:14:     hangedman_cross_cluster, minmay_misc_feat_rows, uniq_azrael
D:15:     hangedman_depths_entry_try_elsewhere_first, serial_park_avenue1
Lair:1:   st_stairs_11, lemuel_fruit_fields, serial_bayou_shore_a,
          serial_bayou_shore_b, grunt_megastairs_5, lemuel_fruit_tree,
          infiniplex_staircase_pool
Lair:2:   serial_bayou_shore_b, grunt_megastairs_4, uniq_urug
Lair:3:   nicolae_spider_entry_tight_spaces, kennysheep_catoblepas_arena
Lair:4:   minmay_shoals_entry_beasts, grunt_megastairs_2
Lair:5:   slime_altar_1, portal_ice_cave_entry_pillars_1, beast_lair_carwin_1,
          infiniplex_staircase_pool_2
Lair:6:   guppyfry_lair_end_dragon, serial_bayou_lake_a, lemuel_fruit_fields,
          uniq_josephine
Shoals:1: serial_shops, shop, nicolae_shoals_arrival_archipelago, uniq_donald,
          uniq_nikola
Shoals:2: cheibrodos_shoals_three_sisters, uniq_polyphemus, uniq_kirke
Shoals:3: uniq_mara, uniq_jorgrun, uniq_roxanne
Shoals:4: shoals_end_grunt_garden, shoals_ilsuiw_alternative,
          nicolae_shoals_circle_sea_wall
Spider:1: cheibrodos_forgotten_conduit, guppyfry_spider_mini_2
Spider:2: nicolae_crawler_farm, uniq_agnes
Spider:4: johnstein_spider_rune_arachne_lair, nicolae_spider_cling_ruins,
          uniq_louise
Orc:2:    grunt_orc_gardens, grunt_orc_garden, grunt_orc_garden,
          grunt_orc_garden, grunt_orc_garden, serial_shops, shop, basic_altar,
          elves_outpost_lemuel
Elf:1:    eino_elf_arrival_altar, basic_altar, evilmike_minifort,
          evilmike_surprise_oklob
Elf:2:    serial_sigils, serial_sigils_hangedman_writhe,
          serial_sigils_hangedman_scar, serial_sigils_hangedman_snap,
          minmay_shop_grove
Elf:3:    minmay_elf_hall_hex, serial_shops, nicolae_shop_behind_doors
Vaults:1: v_misc_31, vaults_room_hangedman_quadrants, nicolae_vaults_rhombus_6,
          grunt_vaults_diagonal, v_rooms_4, vaults_room_grunt_arrival_ludios,
          nicolae_vaults_shelves_hall, serial_shops, shop
Vaults:2: hangedman_vaults_restitches, vaults_room_ringed_pool,
          hangedman_vaults_nodes, grunt_vaults_trifunnel, v_alt_pattern_6,
          nicolae_vaults_diagonal_hallway_7, nicolae_vaults_sealed_display,
          nicolae_vaults_little_ls, basic_altar, portal_desolation_entry_garden
Vaults:3: hangedman_vaults_restitches, grunt_vaults_focal, v_rooms_6,
          nicolae_vaults_what_the_h, hangedman_vaults_stretched_pinwheel,
          hangedman_vaults_corner_blocks, minmay_crypt_entry_vampire_xt,
          vaults_room_octagon, vaults_standard_mumra_lines,
          hangedman_vaults_impose, nicolae_vaults_rhombus_7,
          ontoclasm_vaults_hangar, vaults_dpeg_ring, dpeg_vaults_waves,
          grunt_vaults_twisty, hangedman_vaults_capsules
Vaults:4: nicolae_vaults_big_ls, ontoclasm_vaults_chip,
          ontoclasm_vaults_shuriken, hangedman_vaults_river_flow,
          hangedman_vaults_hard_town_square, v_misc_1,
          ontoclasm_vaults_decontamination, ontoclasm_vaults_spin, v_misc_27,
          serial_shops, shop
Depths:1: grunt_metal_band, serial_bayou_pond_e, rand_demon_pan_entry_4,
          hangedman_decor_diamond_cutter, grunt_ministairs_5,
          kennysheep_just_a_vault, kennysheep_random_hallway
Depths:2: minmay_the_grid_ultimate, hell_entry, pan_entry, abyss_entry
Depths:3: hangedman_crystal_crosses_colossus, pan_entry, serial_shops,
          hell_entry
Depths:4: gammafunk_dig_for_victory, grunt_hell_entry_dis_grunt, abyss_entry,
          hangedman_decor_clover_reticule
Depths:5: grunt_zot_entry_hairpin, enter_ziggurat_f, moated_statue, hell_entry,
          minmay_crystal_room, basic_stair_grate_trap
Abyss:1:  evilmike_abyss_exit_10
Abyss:3:  evilmike_abyss_exit_plants,
          evilmike_nicolae_abyss_rune_containment_curve,
          doesnt_abyss_rune_brain_food, guppyfry_abyss_exit_glass_guarded,
          evilmike_abyss_exit_10, minivault_20,
          evilmike_abyss_rune_siren_acolytes
Trove:    trove_books_scrolls
IceCv:    ice_cave_small_necro

Skill      XL: |  1  2  3  4  5  6  7  8  9 10 11 12 13 14 15 16 17 18 19 20 21 22 23 24 25 |
---------------+----------------------------------------------------------------------------+-----
Long Blades    | 2 3 4 5 6 7 9 10 12 13 14 15 16 17 18 19 | 19.0
Armour         | 2 3 4 5 6 7 8 9 10 11 12 13 14 15 | 15.0
Fighting       | 4 5 6 7 8 9 10 11 12 13 14 15 16 17 18 19 20 | 20.1
Invocations    | 5 8 10 11 13 15 16 17 18 19 20 | 20.6
Dodging        | 1 4 7 8 9 10 11 12 13 | 13.4
Ice Magic      | 5 |  5.5
Spellcasting   | 3 5 |  5.2
Shields        | 1 4 6 9 11 13 15 | 15.0
Crossbows      | 5 9 10 | 10.0
Stealth        | 4 7 9 |  9.5
Summonings     | 4 7 9 |  9.5
Evocations     | 4 7 9 10 | 10.0

Action                   |  1- 3 |  4- 6 |  7- 9 | 10-12 | 13-15 | 16-18 | 19-21 | 22-24 | 25-27 || total
-------------------------+-------+-------+-------+-------+-------+-------+-------+-------+-------++-------
Melee: Falchion          |   115 |   174 |   376 |       |       |       |       |       |       ||   665
       Scimitar          |       |       |   159 |   579 |  1397 |    34 |       |       |       ||  2169
       Long sword        |       |       |    10 |       |       |   745 |       |       |       ||   755
       Headbutt          |       |       |       |       |   333 |   402 |   516 |   586 |    68 ||  1905
       Double sword      |       |       |       |       |       |   822 |  1834 |  1362 |    52 ||  4070
       Demon blade       |       |       |       |       |       |       |       |   510 |   143 ||   653
 Fire: Blowgun           |       |       |     4 |     3 |       |       |       |       |       ||     7
       Hand crossbow     |       |       |       |       |    57 |   252 |    49 |    12 |    11 ||   381
Throw: Stone             |    18 |       |       |     2 |       |       |       |       |       ||    20
       Tomahawk          |    21 |    17 |     8 |    11 |    18 |       |       |       |       ||    75
       Throwing net      |       |       |       |       |       |     1 |       |       |       ||     1
 Cast: Throw Frost       |       |       |       |       |     4 |       |       |       |       ||     4
Invok: Depart the Abyss  |     1 |       |       |       |       |     3 |       |     1 |       ||     5
       Bend Space        |       |       |     1 |     2 |     8 |     9 |     1 |     2 |     4 ||    27
       Banish            |       |       |       |     6 |    10 |    19 |     4 |     3 |     1 ||    43
       Corrupt           |       |       |       |     1 |     2 |     2 |     2 |     1 |       ||     8
       Brand Weapon With |       |       |       |       |       |       |       |     1 |       ||     1
       Enter the Abyss   |       |       |       |       |       |       |       |       |     1 ||     1
 Abil: Stop Flying       |       |       |       |       |       |     3 |     2 |       |       ||     5
       Evoke Flight      |       |       |       |       |       |     3 |     2 |       |       ||     5
Evoke: Wand              |       |       |       |    17 |    22 |     5 |     1 |     4 |       ||    49
  Use: Scroll            |     4 |     7 |     5 |     7 |    15 |    19 |    19 |    15 |       ||    91
       Potion            |       |     4 |     2 |     6 |     4 |     9 |       |     8 |     9 ||    42
 Stab: Confused          |       |       |       |       |     1 |       |       |     2 |       ||     3
       Sleeping          |       |       |       |       |     1 |       |       |       |       ||     1
       Distracted        |       |       |       |       |       |     1 |     1 |     1 |       ||     3
  Eat: Chunk             |     8 |     4 |    19 |    17 |    43 |    26 |    26 |    18 |       ||   161
       Ration            |       |     1 |     1 |     5 |     5 |    13 |     8 |     7 |     2 ||    42
Armor: Leather armour    |    25 |       |       |       |       |       |       |       |       ||    25
       Chain mail        |    38 |   128 |   344 |   422 |   255 |       |       |       |       ||  1187
       Acid dragon scale |       |       |       |       |   122 |       |       |       |       ||   122
       Gold dragon scale |       |       |       |       |   162 |   945 |   754 |   830 |    96 ||  2787
       Ring mail         |       |       |       |       |   138 |   220 |    23 |       |       ||   381
Dodge: Dodged            |    80 |    57 |   159 |   207 |   656 |   841 |   462 |   368 |    39 ||  2869
       Deflected         |       |       |       |       |       |    94 |    50 |    48 |    11 ||   203
Block: Buckler           |       |       |       |       |   194 |   661 |   217 |       |       ||  1072
       Shield            |       |       |       |       |       |       |   836 |  1186 |   121 ||  2143
       Reflection        |       |       |       |       |       |       |    54 |    42 |     5 ||   101
       Rpst.: Falchion   |    31 |    19 |    26 |       |       |       |       |       |       ||    76
       Scimitar          |       |       |    19 |    60 |   168 |     5 |       |       |       ||   252
       Long sword        |       |       |     2 |       |       |    35 |       |       |       ||    37
       Double sword      |       |       |       |       |       |    92 |   100 |    44 |     4 ||   240
       Demon blade       |       |       |       |       |       |       |       |    31 |     4 ||    35

Table legend:
 A = Spawn XP
 B = Non-spawn XP
 C = Spawn XP percentage of total XP
 D = Spawn monster count
 E = Non-spawn monster count
 F = Spawn count percentage of total count
 G = Total turns spent on level
                    A         B        C        D         E        F      G
               +---------+---------+-------+---------+---------+-------+---------
         Total |   57687 | 1129021 |   4.9 |     122 |    2169 |   5.3 | 88251
               +---------+---------+-------+---------+---------+-------+---------
           D:1 |       0 |      26 |   0.0 |       0 |      15 |   0.0 |  1558
           D:2 |       0 |      35 |   0.0 |       0 |      17 |   0.0 |  1759
           D:3 |       0 |      61 |   0.0 |       0 |       8 |   0.0 |  1106
           D:4 |       0 |     429 |   0.0 |       0 |       9 |   0.0 |  1507
           D:5 |       0 |    1426 |   0.0 |       0 |      31 |   0.0 |  3975
           D:6 |       0 |     283 |   0.0 |       0 |       9 |   0.0 |  1082
           D:7 |       0 |    1370 |   0.0 |       0 |      22 |   0.0 |   967
           D:8 |       0 |    9213 |   0.0 |       0 |      33 |   0.0 |  2952
           D:9 |       0 |    2570 |   0.0 |       0 |      31 |   0.0 |   665
          D:10 |       0 |    3615 |   0.0 |       0 |      54 |   0.0 |  1984
          D:11 |       0 |    3378 |   0.0 |       0 |      29 |   0.0 |  1513
          D:12 |       0 |    6639 |   0.0 |       0 |      48 |   0.0 |  1508
          D:13 |       0 |   11162 |   0.0 |       0 |      49 |   0.0 |  2265
          D:14 |       0 |   18211 |   0.0 |       0 |      59 |   0.0 |  2136
          D:15 |       0 |   12878 |   0.0 |       0 |      35 |   0.0 |  1507
        Lair:1 |       0 |    4340 |   0.0 |       0 |      22 |   0.0 |  2265
        Lair:2 |       0 |    3784 |   0.0 |       0 |      15 |   0.0 |  1541
        Lair:3 |       0 |   18929 |   0.0 |       0 |      65 |   0.0 |  3169
        Lair:4 |       0 |    7786 |   0.0 |       0 |      28 |   0.0 |  1887
        Lair:5 |       0 |    5879 |   0.0 |       0 |      18 |   0.0 |  1984
        Lair:6 |       0 |   18055 |   0.0 |       0 |      64 |   0.0 |  2058
      Shoals:1 |       0 |   14188 |   0.0 |       0 |      18 |   0.0 |  1277
      Shoals:2 |       0 |   23982 |   0.0 |       0 |      36 |   0.0 |  2693
      Shoals:3 |       0 |   19313 |   0.0 |       0 |      37 |   0.0 |  1920
      Shoals:4 |       0 |   34904 |   0.0 |       0 |      55 |   0.0 |  2374
      Spider:1 |       0 |   11561 |   0.0 |       0 |      34 |   0.0 |   812
      Spider:2 |       0 |   11817 |   0.0 |       0 |      35 |   0.0 |  1081
      Spider:3 |       0 |   18592 |   0.0 |       0 |      46 |   0.0 |  2259
      Spider:4 |       0 |   44402 |   0.0 |       0 |      93 |   0.0 |  2611
       Slime:1 |       0 |    2511 |   0.0 |       0 |       1 |   0.0 |    47
       Slime:2 |       0 |    6278 |   0.0 |       0 |      10 |   0.0 |    87
       Slime:3 |       0 |    1120 |   0.0 |       0 |       1 |   0.0 |    39
       Slime:4 |       0 |    4588 |   0.0 |       0 |       5 |   0.0 |   480
       Slime:5 |       0 |   25421 |   0.0 |       0 |      41 |   0.0 |   598
         Orc:1 |       0 |    5817 |   0.0 |       0 |      41 |   0.0 |  1072
         Orc:2 |       0 |   14880 |   0.0 |       0 |      52 |   0.0 |  1634
         Elf:1 |       0 |   22327 |   0.0 |       0 |      38 |   0.0 |  1298
         Elf:2 |       0 |   45875 |   0.0 |       0 |      66 |   0.0 |  2076
         Elf:3 |       0 |   15164 |   0.0 |       0 |      20 |   0.0 |  1779
      Vaults:1 |       0 |   56008 |   0.0 |       0 |      97 |   0.0 |  2676
      Vaults:2 |       0 |   54819 |   0.0 |       0 |      97 |   0.0 |  2055
      Vaults:3 |       0 |   57819 |   0.0 |       0 |      81 |   0.0 |  2354
      Vaults:4 |       0 |   65494 |   0.0 |       0 |      98 |   0.0 |  2183
      Depths:1 |       0 |   52759 |   0.0 |       0 |      57 |   0.0 |  1763
      Depths:2 |       0 |  175234 |   0.0 |       0 |     136 |   0.0 |  4529
      Depths:3 |       0 |   74482 |   0.0 |       0 |      53 |   0.0 |  1606
      Depths:4 |       0 |   36648 |   0.0 |       0 |      37 |   0.0 |  1924
      Depths:5 |       0 |   56566 |   0.0 |       0 |      48 |   0.0 |  1233
       Abyss:1 |   27390 |   14643 |  65.2 |      35 |      46 |  43.2 |   772
       Abyss:2 |     415 |       0 | 100.0 |       2 |       0 | 100.0 |   135
       Abyss:3 |   29882 |   27422 |  52.1 |      85 |      90 |  48.6 |  1573
         IceCv |       0 |    4318 |   0.0 |       0 |      39 |   0.0 |  1814
               +---------+---------+-------+---------+---------+-------+---------
